Map: Ancient Cistern LE

Players

MattBarry

  • Race: Zerg Zerg
  • League: Gold
  • Spawn Location: 7:00

dragon - Winner!

  • Race: Protoss Protoss
  • League: Platinum
  • Spawn Location: 1:00

VOD

Have the link to the VOD?

Description

Time

  • Played on: Feb. 10, 2023, 3:56 p.m.
  • Length: 6:57
Show
View Real Time Build Order
Export as new Build Order

MattBarry Zerg 

Build Orders: Hatch First 

Get SALT Encoding   

  12  0:00  Drone  
  13  0:12  Overlord  
  13  0:18  Drone  
  14  0:31  Drone x2  
  16  0:51  Hatchery  
  16  0:52  Drone  
  16  0:55  Drone  
  17  1:01  Drone  
  18  1:04  Extractor  
  17  1:19  Spawning Pool  
  16  1:30  Drone  
  16  1:31  Drone x2  
  19  1:50  Drone  
  20  2:06  Queen  
  22  2:09  Queen  
  22  2:12  Overlord  
  22  2:13  Drone  
  22  2:15  Zergling x2  
  26  2:25  Zergling x2  
  27  2:31  Evolution Chamber  
  27  2:34  Drone  
  27  2:35  Drone  
  27  2:36  Zergling x2  
  29  2:39  Metabolic Boost  
  29  2:43  Extractor  
  28  2:46  Roach Warren  
  27  2:53  Queen  
  29  3:04  Lair  
  29  3:08  Drone x2  
  29  3:12  Drone  
  32  3:18  Zerg Missile Weapons Level 1  
  32  3:22  Drone  
  33  3:33  Drone x3  
  36  3:35  Overlord  
  36  3:53  Queen  
  37  3:56  Drone x2  
  37  3:57  Drone x2  
  41  4:05  Queen  
  41  4:08  Glial Reconstitution  
  43  4:23  Drone  
  44  4:24  Overlord x3  
  44  4:46  Hatchery  
  44  4:50  Roach x3  
  44  4:51  Roach, Evolution Chamber  
  44  4:52  Roach  
  52  4:59  Pneumatized Carapace  
  52  5:03  Extractor  
  52  5:04  Extractor  
  52  5:06  Drone x3  
  53  5:08  Drone  
  54  5:30  Roach x6  
  66  5:36  Overseer  
  66  5:54  Roach  
  66  5:55  Overlord x2  
  68  6:02  Overlord x2  
  70  6:11  Roach x7  
  73  6:29  Roach x5  
Show
View Real Time Build Order
Export as new Build Order

dragon Protoss - Winner!

Build Orders: Zealot Archon 

Get SALT Encoding   

  12  0:13  Pylon  
  12  0:16  Probe  
  13  0:32  Gateway  
  13  0:36  Probe (Chrono Boost)  
  13  0:40  Assimilator  
  14  0:46  Probe (Chrono Boost)  
  15  0:51  Probe (Chrono Boost)  
  16  1:03  Probe (Chrono Boost)  
  17  1:14  Pylon, Probe (Chrono Boost)  
  18  1:18  Probe (Chrono Boost)  
  18  1:24  Cybernetics Core  
  19  1:38  Gateway  
  19  1:44  Probe  
  19  1:46  Assimilator  
  20  1:50  Zealot  
  22  1:57  Probe  
  23  2:04  Shield Battery  
  23  2:09  Warp Gate, Probe  
  23  2:13  Pylon  
  24  2:27  Twilight Council  
  24  2:32  Pylon  
  24  2:35  Zealot  
  26  2:41  Zealot  
  28  2:45  Probe  
  29  3:05  Probe  
  29  3:06  Templar Archives  
  29  3:11  Adept  
  32  3:14  Zealot  
  34  3:24  Gateway  
  34  3:31  Charge (Chrono Boost)  
  34  3:32  Pylon  
  34  3:58  High Templar  
  36  4:12  Zealot  
  38  4:19  Gateway  
  38  4:21  Pylon  
  38  4:26  High Templar  
  40  4:32  Zealot x2  
  40  4:38  Probe  
  45  4:46  Gateway  
  45  4:54  High Templar  
  45  4:58  Zealot x2  
  51  5:04  Pylon  
  51  5:10  Pylon  
  51  5:18  High Templar  
  53  5:29  Zealot x2  
  53  5:34  Archon x2  
  57  5:36  Gateway  
  57  5:45  Zealot  
  57  5:46  Zealot  
  61  5:53  Zealot x2  
  61  5:54  Zealot  
  67  6:07  Zealot x2  
  67  6:44  Zealot  
  67  6:45  Zealot x4  
  67  6:46  Zealot  
Tags
 
Composition
Zealot Archon
Matchup
PvZ
Replay Pack
Multiplayer
Spawn Locations
Cross Positions
Add a new tag
Caveats
  • Supply blocks, unpowered buildings, or Contaminate may cause inaccurate times.
  • Supply counts are checked every 10 seconds.